 Dungeon Crawl Stone Soup version 0.28.0-47-ge53b351184 (webtiles) character file.

Game seed: 3864451767713867847

100752 Allula97 the Covert (level 15, -2/126 HPs)
             Began as a Demonspawn Gladiator on Apr 28, 2022.
             Was the Champion of Dithmenos.
             Slain by a swamp worm (14 damage)
             ... called by a spriggan druid
             ... on level 2 of the Swamp.
             The game lasted 01:39:44 (24547 turns).

Allula97 the Covert (Demonspawn Gladiator)         Turns: 24547, Time: 01:39:47

Health: -2/126     AC: 18    Str: 16    XL:     15   Next: 81%
Magic:  27/27      EV: 22    Int: 11    God:    Dithmenos [******]
Gold:   615        SH: 14    Dex: 25    Spells: 24/30 levels left

rFire   + + +      SeeInvis .   J - +7 dagger (freeze)
rCold   + + .      Faith    .   C - +2 buckler
rNeg    + . .      Spirit   .   T - +1 ring mail "Honn" {rF+ Slay+4}
rPois   .          Reflect  +   (helmet restricted)
rElec   .          Harm     .   K - scarf {rC+ rF+}
rCorr   +          Rampage  +   B - +3 pair of gauntlets of War {Slay+5}
Will    +....                   o - +2 pair of boots {rampage}
Stlth   ++++++++++              f - amulet of reflection
HPRegen 0.31/turn               M - ring "Ythoppoa" {rF++ EV+4}
MPRegen 0.20/turn               X - ring "Qicreso" {Fly rC+ rN+ rCorr Int+2}

@: lethally poisoned (-2 -> -6), flying, wreathed by umbra, studying Bows
A: antennae 2, demonic guardian 1, ignite blood 3, sharp scales 2, beak, agile
1, robust 1, strong 1
a: Renounce Religion, Shadow Step, Shadow Form


You were on level 2 of the Swamp.
You worshipped Dithmenos.
Dithmenos was exalted by your worship.
You visited 5 branches of the dungeon, and saw 26 of its levels.
You also visited: Gauntlet and Volcano.

You collected 2093 gold pieces.
You spent 1478 gold pieces at shops.

Inventory:

Hand Weapons
 l - the +8 glaive "Moduptiu" {flame, rElec Int+3}
   (You found it in a Gauntlet)

   It burns those it strikes, dealing additional fire damage.
   Big, fiery blades are also staple armaments of hydra-hunters.
   Int:       It affects your intelligence (+3).
   rElec:     It insulates you from electricity.
 J - a +7 dagger of freezing (weapon)
 O - a +2 lajatang of electrocution
 Q - the +8 whip "Snakebite" {venom, curare, rPois}
   (You found it on level 2 of the Lair of Beasts)

   It poisons the flesh of those it strikes.
   It occasionally inflicts asphyxiating poison on those it strikes, dealing
   poison damage and causing slowness.
   rPois:     It protects you from poison.
Missiles
 d - 2 throwing nets
 e - 31 poisoned darts (quivered)
 u - 4 atropa-tipped darts
 G - 3 boomerangs of dispersal
 W - 7 silver javelins
Armour
 b - a +2 ring mail of cold resistance
 o - a +2 pair of boots of rampaging (worn)
 B - the +3 pair of gauntlets of War (worn) {Slay+5}
   (You bought it in a shop on level 1 of the Dungeon)

   Slay:      It affects your accuracy & damage with ranged weapons and melee
   (+5).
 C - a +2 buckler (worn)
 K - a scarf of resistance (worn)
 T - the +1 ring mail "Honn" (worn) {rF+ Slay+4}
   (You bought it in a shop on level 2 of the Orcish Mines)

   Slay:      It affects your accuracy & damage with ranged weapons and melee
   (+4).
   rF:        It protects you from fire.
Jewellery
 f - an amulet of reflection (around neck)
 g - a +6 ring of dexterity
 m - a ring of magical power
 w - a ring of protection from cold
 A - a ring of fire
 F - an amulet of regeneration
 M - the ring "Ythoppoa" (left hand) {rF++ EV+4}
   (You found it on level 4 of the Lair of Beasts)

   [ring of evasion]

   EV:        It affects your evasion (+4).
   rF:        It greatly protects you from fire.
 U - the ring "Bohok" {Will+ rCorr}
   (You found it in a Gauntlet)

   [ring of resist corrosion]

   rCorr:     It protects you from acid and corrosion.
   Will:      It increases your willpower.
 X - the ring "Qicreso" (right hand) {Fly rC+ rN+ rCorr Int+2}
   (You found it in a Gauntlet)

   [ring of resist corrosion]

   Int:       It affects your intelligence (+2).
   rC:        It protects you from cold.
   rN:        It protects you from negative energy.
   Fly:       It grants you flight.
   rCorr:     It protects you from acid and corrosion.
 Y - a +6 ring of strength
Wands
 j - a wand of charming (8)
 n - a wand of flame (34)
 D - a wand of iceblast (35)
 N - a wand of polymorph (5)
 P - a wand of acid (4)
Scrolls
 a - a scroll of amnesia
 h - 9 scrolls of teleportation
 p - 3 scrolls of brand weapon
 q - a scroll of magic mapping
 r - 3 scrolls of summoning
 v - a scroll of identify
 V - 3 scrolls of fog
 Z - 3 scrolls of fear
Potions
 c - 3 potions of brilliance
 i - a potion of ambrosia
 k - a potion of resistance
 t - 2 potions of mutation
 x - 4 potions of curing
 z - 4 potions of might
 H - 5 potions of heal wounds
 I - 4 potions of cancellation
 L - 4 potions of attraction
 R - a potion of haste
Miscellaneous
 s - a lightning rod (4/4)
 y - a phantom mirror
 E - a piece from Xom's chessboard (15/15)


   Skills:
 * Level 10.1 Fighting
 * Level 11.7 Short Blades
 - Level 1.7 Throwing
 * Level 9.9 Armour
 * Level 10.0 Dodging
 * Level 13.0 Stealth
 + Level 6.2 Shields
 - Level 1.2 Unarmed Combat
 * Level 8.4 Spellcasting
 + Level 1.4 Conjurations
 * Level 7.3 Hexes
 + Level 1.2 Translocations
 * Level 2.5 Ice Magic
 + Level 1.9 Evocations


You had 24 spell levels left.
You knew the following spells:

 Your Spells              Type           Power      Damage    Failure   Level
a - Slow                  Hex            80%        N/A       1%          1
b - Confusing Touch       Hex            20%        N/A       4%          3
c - Ensorcelled Hibernat  Hex/Ice        30%        N/A       6%          2

Your spell library contained the following spells:

 Spells                   Type           Power      Damage    Failure   Level
 Cause Fear               Hex            10%        N/A       16%         4
 Inner Flame              Hex/Fire       12%        N/A       22%         3
 Summon Guardian Golem    Hex/Summ       12%        N/A       22%         3
 Beastly Appendage        Tmut           8%         N/A       32%         1
 Pain                     Necr           16%        1d4       32%         1
 Summon Small Mammal      Summ           16%        N/A       32%         1
 Ozocubu's Armour         Ice            10%        N/A       32%         3
 Static Discharge         Conj/Air       6%         N/A       36%         2
 Corpse Rot               Necr/Air       8%         N/A       43%         2
 Passwall                 Tmut/Erth      3%         N/A       43%         2
 Wereblood                Tmut           4%         N/A       43%         2
 Fulminant Prism          Conj/Hex       7%         3d7       47%         4
 Gell's Gravitas          Tloc           7%         N/A       50%         3
 Anguish                  Hex/Necr       6%         N/A       56%         4
 Conjure Flame            Conj/Fire      6%         6-21      58%         3
 Call Canine Familiar     Summ           4%         N/A       67%         3
 Ignite Poison            Fire/Tmut/Pois 4%         N/A       67%         3
 Spider Form              Tmut/Pois      4%         N/A       67%         3
 Swiftness                Air            4%         N/A       67%         3
 Vampiric Draining        Necr           4%         2d6       67%         3
 Metabolic Englaciation   Hex/Ice        7%         N/A       75%         5
 Iskenderun's Mystic Bla  Conj/Tloc      7%         2d4       88%         4
 Sticky Flame             Conj/Fire      6%         2d3       94%         4
 Dispel Undead            Necr           4%         3d7       97%         4
 Agony                    Necr           4%         N/A       100%        5
 Excruciating Wounds      Necr           2%         N/A       100%        5
 Lee's Rapid Deconstruct  Erth           2%         3d5*      100%        5
 Dispersal                Tloc           3%         N/A       100%        6
 Simulacrum               Ice/Necr       3%         N/A       100%        6
 Orb of Destruction       Conj           3%         9d5       100%        7
 Spellforged Servitor     Conj/Summ      3%         N/A       100%        7
 Discord                  Hex            10%        N/A       100%        8
 Maxwell's Capacitive Co  Air            2%         ∞         100%        8
 Shatter                  Erth           2%         3d6*      100%        9


Dungeon Overview and Level Annotations

Branches:
Dungeon (15/15)            Temple (1/1) D:5            Lair (6/6) D:11
  Swamp (2/4) Lair:3        Snake (0/4) Lair:2        Slime (0/5) Lair:6
    Orc (2/2) D:10            Elf (0/3) Orc:2        Vaults (0/5) D:13
 Depths (0/4) D:15        Volcano (visited)         Gauntlet (visited)

Altars:
Ashenzari
Cheibriados
Dithmenos
Elyvilon
Fedhas
Gozag
Hepliaklqana
Kikubaaqudgha
Makhleb
Nemelex Xobeh
Okawaru
Qazlal
Ru
Sif Muna
Trog
Uskayaw
Vehumet
Wu Jian
Xom
Yredelemnul
Zin
The Shining One
Beogh
Jiyva

Shops:
D:1 [   D:4 (   D:10 [   D:11 :   Orc:1 *   Orc:2 =(![

Annotations:
D:15 Rupert


Innate Abilities, Weirdness & Mutations

You have a pair of antennae on your head.
A weak demonic guardian rushes to your aid.
Your demonic aura causes all spilled blood to erupt in flames.
You are mostly covered in razor-sharp scales. (AC +2, Slay +2)
You have a beak for a mouth.
You are agile. (Dex +2)
You are robust. (+10% HP)
Your muscles are strong. (Str +2)


Message History

The swamp dragon bites you but does no damage.
The swamp dragon completely misses you. You block the swamp dragon's attack.
You block the swamp worm's attack.
Your iron imp hits the swamp worm!
You feel much better.
You feel very sick.
You block the swamp dragon's attack. x3; The tyrant leech misses you.
You block the swamp worm's attack.
The swamp worm is engulfed in poison gas.
The swamp worm looks even sicker.
The swamp worm bites you but does no damage.
The swamp dragon completely misses you. The swamp dragon barely misses you. x2
Your iron imp hits the swamp worm but does no damage.
The tyrant leech completely misses you. The swamp worm bites you!
* * * LOW HITPOINT WARNING * * *
Okay, then.
Blink to where?
Press: ? - help, Dir - move target
As you read the scroll of blinking, it crumbles to dust.
You feel very sick.
The swamp worm is engulfed in poison gas.
The swamp worm looks as sick as possible!
The swamp worm bites your iron imp!!!
Your iron imp dies!
Your iron imp disappears in a puff of smoke!
The swamp worm is engulfed in poison gas.
The swamp worm looks as sick as possible!
You feel yourself speed up.
You feel very sick.
The swamp dragon no longer looks unusually strong.
The swamp worm no longer looks unusually strong.
The swamp worm fires a harpoon shot at you.
The harpoon shot hits you!
* * * LOW HITPOINT WARNING * * *
A demonic guardian appears!
You emit a cloud of dark smoke.
You stop ascending the stairs.
You are yanked forward by the harpoon shot.
The swamp worm is engulfed in poison gas.
The swamp worm looks as sick as possible!
The swamp worm bites you!
You die...

♣..§≈≈≈≈≈≈≈≈.♣
♣♣♣.§§≈≈≈≈≈≈≈≈.♣
♣♣♣≈♣♣§...≈≈≈≈≈≈.♣
♣≈.§§w§§≈....≈..♣♣
.♣§♣♣≈§§§§§§≈≈.≈..≈≈.♣
≈...≈≈)w≈§w§≈≈.♣.≈≈†♣♣
≈...≈§.≈≈§§§≈≈.♣♣...♣♣♣
≈≈≈≈≈§.≈≈≈Dw§§.†♣≈≈§≈≈♣
≈≈≈≈≈≈.≈≈≈≈≈@§§4..≈≈..♣
≈≈≈≈≈≈.≈≈≈≈≈§§§...≈§..♣
≈≈≈....≈≈≈≈≈≈≈..♣..≈.≈♣
≈§≈.♣.§.≈≈≈≈...♣♣♣♣♣...≈
≈§.♣♣.≈≈..≈.≈... ♣....
§≈≈≈.♣≈.≈§♣♣ ....
.≈≈≈....≈♣♣ ..#
≈≈≈.≈≈≈.♣≈


You could see a swamp dragon, a tyrant leech, 2 swamp worms and a friendly
hellwing (summoned).

Vanquished Creatures
  Jorgrun (D:12)
  A tentacled monstrosity (Swamp:1)
  An orc warlord (Orc:1)
  The ghost of Bruhh the Fighter, a journeyman DjCA of Ignis (Lair:4)
  A minotaur (Gauntlet)
  2 eleionomae (Swamp:1)
  The ghost of spica the Carver, a journeyman MiBe of Trog (Orc:2)
  The ghost of burmascar the Cleaver, a journeyman DrHu of Qazlal (Lair:1)
  8 vault guards (D:13)
  2 boulder beetles
  4 hydras
  A catoblepas (D:14)
  An ogre mage (Orc:2)
  Erolcha (Orc:2)
  3 two-headed ogres
  An alligator (Swamp:1)
  4 centaur warriors
  10 death yaks
  2 tengu warriors (D:13)
  5 spriggans
  Nergalle (Orc:2)
  2 spriggan druids
  3 bog bodies
  A swamp dragon (Swamp:1)
  2 goliath frogs (Swamp:1)
  A death drake (Gauntlet)
  A necromancer (Gauntlet)
  A wizard (D:15)
  2 oklob plants (Lair:1)
  A deep elf pyromancer (D:14)
  2 orc knights
  2 ugly things
  8 orc sorcerers
  3 manticores
  A spectral centaur (Gauntlet)
  15 elephants
  A guardian serpent (Lair:2)
  Maurice (D:12)
  2 gargoyles
  5 black mambas
  A torpor snail (Lair:3)
  An unseen horror (D:10)
  8 cane toads
  10 komodo dragons
  4 rime drakes
  A yaktaur (Volcano)
  2 polar bears
  7 trolls
  6 hornets
  4 tyrant leeches
  10 slime creatures
  11 blink frogs
  A centaur simulacrum (D:14)
  68 yaks
  4 wyverns
  A wraith (D:10)
  3 vampires
  3 basilisks (Lair:5)
  2 steam dragons
  6 vampire mosquitoes
  4 wargs
  3 swamp worms
  A death yak simulacrum (Lair:4)
  2 acid dragons
  A hydra simulacrum (Lair:4)
  13 water moccasins
  2 sky beasts
  4 ogres (Orc:2)
  19 orc warriors
  2 black bears
  2 necrophages
  A spectral hornet (Gauntlet)
  An ice beast (D:6)
  3 boggarts (D:14)
  8 centaurs
  A black mamba simulacrum (Lair:4)
  7 wolves
  10 bullfrogs
  A kobold brigand (D:9)
  A gnoll sergeant (D:7)
  A water moccasin zombie (D:5)
  2 scorpions (D:7)
  A blink frog simulacrum (Lair:4)
  3 wights (D:8)
  5 howler monkeys
  A bullfrog zombie (D:6)
  3 centaur zombies
  A komodo dragon simulacrum (Lair:4)
  A centaur skeleton (D:5)
  15 orc priests
  4 hounds
  3 iguanas
  7 hell rats (Lair:2)
  32 orc wizards
  A hound skeleton (D:3)
  8 gnolls
  2 howler monkey skeletons
  8 adders
  12 river rats
  3 dart slugs
  A worm (D:3)
  63 orcs
  8 bats
  5 endoplasms
  2 giant cockroaches
  11 goblins
  5 hobgoblins
  12 jackals
  9 kobolds
  11 quokkas
  8 ball pythons
  A frilled lizard (D:2)
  25 rats
619 creatures vanquished.

Vanquished Creatures (collateral kills)
  A slime creature (D:13)
  An orc priest (Orc:2)
  2 orc wizards (Orc:2)
  An orc (Orc:1)
  A rat (D:5)
6 creatures vanquished.

Vanquished Creatures (others)
  A centaur warrior (D:15)
  3 bushes (Lair:6)
  11 fungi
  14 plants
  4 toadstools (D:1)
  2 withered plants (Gauntlet)
35 creatures vanquished.

Grand Total: 660 creatures vanquished

Notes
Turn   | Place    | Note
-------+----------+-------------------------------------------
     0 | D:1      | Allula97 the Demonspawn Gladiator began the quest for the
                  | Orb.
     0 | D:1      | Reached XP level 1. HP: 16/16 MP: 1/1
   130 | D:1      | Found Cuss's Armour Emporium.
   182 | D:1      | Gained mutation: Your demonic aura sometimes causes spilled
                  | blood to erupt in flames. [demonic ancestry]
   182 | D:1      | Reached XP level 2. HP: 19/22 MP: 2/2
   308 | D:1      | Found a faded altar of an unknown god.
   637 | D:1      | Reached XP level 3. HP: 27/27 MP: 3/3
  1335 | D:2      | Reached skill level 1 in Armour
  1472 | D:2      | Reached skill level 1 in Unarmed Combat
  1921 | D:2      | Gained mutation: You have a pair of small antennae on your
                  | head. [demonic ancestry]
  1921 | D:2      | Reached XP level 4. HP: 31/34 MP: 4/4
  2264 | D:3      | Reached skill level 1 in Stealth
  2273 | D:3      | Gained mutation: You are partially covered in razor-sharp
                  | scales. (AC +1, Slay +1) [demonic ancestry]
  2273 | D:3      | Reached XP level 5. HP: 12/39 MP: 5/5
  2517 | D:3      | Noticed a black bear
  2540 | D:3      | Killed a black bear
  3528 | D:4      | Noticed a necrophage
  3538 | D:4      | Killed a necrophage
  3539 | D:4      | Reached skill level 2 in Stealth
  3539 | D:4      | Reached XP level 6. HP: 46/46 MP: 5/7
  3655 | D:4      | Found a shadowy altar of Dithmenos.
  3671 | D:4      | Reached skill level 1 in Spellcasting
  3678 | D:4      | Became a worshipper of Dithmenos the Shadowed
  4173 | D:4      | Found Vykhluotz's Antique Weapon Boutique.
  4519 | D:5      | Entered Level 5 of the Dungeon
  4577 | D:5      | Gained mutation: A weak demonic guardian rushes to your
                  | aid. [demonic ancestry]
  4577 | D:5      | Reached XP level 7. HP: 39/52 MP: 8/8
  4945 | D:5      | Reached skill level 5 in Short Blades
  5046 | D:5      | Found a staircase to the Ecumenical Temple.
  5055 | Temple   | Entered the Ecumenical Temple
  5214 | D:5      | Reached * piety under Dithmenos
  6086 | D:6      | Found a shimmering blue altar of Sif Muna.
  6104 | D:6      | Reached XP level 8. HP: 59/59 MP: 11/11
  6175 | D:6      | Reached skill level 3 in Stealth
  6519 | D:6      | Reached ** piety under Dithmenos
  8007 | D:7      | Reached XP level 9. HP: 53/66 MP: 13/13
  8132 | D:7      | Paralysed by a gnoll sergeant for 4 turns
  9353 | D:8      | Reached skill level 4 in Stealth
  9376 | D:8      | Reached skill level 5 in Fighting
  9686 | D:8      | Reached skill level 5 in Armour
  9781 | D:8      | Reached skill level 5 in Dodging
 10061 | D:9      | Noticed a troll
 10077 | D:9      | Killed a troll
 10087 | D:9      | Reached *** piety under Dithmenos
 10234 | D:9      | Gained mutation: You have a pair of antennae on your head.
                  | [demonic ancestry]
 10234 | D:9      | Reached XP level 10. HP: 75/75 MP: 15/15
 10457 | D:9      | Found an ornate altar of the Wu Jian Council.
 10862 | D:10     | Entered Level 10 of the Dungeon
 11078 | D:1      | Bought the +3 pair of gauntlets of War {Slay+5} for 475
                  | gold pieces
 11078 | D:1      | Found the +3 pair of gauntlets of War {Slay+5}
 11252 | D:10     | Noticed a +0 falchion
 11252 | D:10     | Noticed a +0 falchion
 11253 | D:10     | Noticed a +0 short sword
 11253 | D:10     | Noticed a +0 dagger
 11253 | D:10     | Noticed a +0 short sword
 11254 | D:10     | Noticed a +0 dagger
 11255 | D:10     | Noticed a +0 spear
 11256 | D:10     | Noticed a +0 spear
 11259 | D:10     | Found a hide-covered altar of Uskayaw.
 11259 | D:10     | Noticed a two-headed ogre
 11266 | D:10     | Killed a two-headed ogre
 11267 | D:10     | Reached skill level 5 in Stealth
 11283 | D:10     | Found a broken altar of Ashenzari.
 11388 | D:10     | Found a stormy altar of Qazlal.
 11475 | D:10     | Found Jeyg Xic's Antique Armour Boutique.
 11533 | D:10     | Reached skill level 1 in Shields
 11592 | D:10     | Found a staircase to the Orcish Mines.
 11632 | D:10     | Found a blossoming altar of Fedhas.
 11738 | D:10     | Found a sacrificial altar of Ru.
 11802 | D:10     | Reached XP level 11. HP: 83/83 MP: 16/18
 11821 | D:10     | Found a radiant altar of Vehumet.
 11821 | D:10     | Found a hazy altar of Hepliaklqana.
 11913 | Orc:1    | Entered Level 1 of the Orcish Mines
 11913 | Orc:1    | Noticed an orc knight
 11913 | Orc:1    | Found Fepp's General Store.
 11925 | D:11     | Reached skill level 6 in Stealth
 12007 | D:11     | Found Botusm Lytsa's Book Emporium.
 12198 | D:11     | Found a staircase to the Lair.
 12221 | D:11     | Reached skill level 5 in Spellcasting
 12385 | D:11     | Learned a level 1 spell: Slow
 12389 | D:11     | Learned a level 3 spell: Confusing Touch
 12538 | D:12     | Found an opulent altar of Gozag.
 12590 | D:12     | Noticed a green ugly thing
 12605 | D:12     | Killed a green ugly thing
 12629 | D:12     | Found a gate leading to a gauntlet.
 12633 | Gauntlet | Entered a Gauntlet
 12633 | Gauntlet | Found a transporter.
 12633 | Gauntlet | Found a transporter.
 12637 | Gauntlet | Found a transporter.
 12652 | Gauntlet | Found a transporter.
 12664 | Gauntlet | Found a transporter.
 12667 | Gauntlet | Noticed a necromancer
 12668 | Gauntlet | Found a transporter.
 12672 | Gauntlet | Found a large runed translucent door.
 12707 | Gauntlet | Found a transporter.
 12709 | Gauntlet | Found a large runed translucent door.
 12709 | Gauntlet | Found a large runed translucent door.
 12710 | Gauntlet | Found a large runed translucent door.
 12710 | Gauntlet | Found a large runed translucent door.
 12711 | Gauntlet | Found a runed translucent door.
 12711 | Gauntlet | Found a large runed translucent door.
 12711 | Gauntlet | Found a runed translucent door.
 12711 | Gauntlet | Found a large runed translucent door.
 12711 | Gauntlet | Found a large runed translucent door.
 12712 | Gauntlet | Found a large runed translucent door.
 12712 | Gauntlet | Found a large runed translucent door.
 12715 | Gauntlet | Found a large runed translucent door.
 12715 | Gauntlet | Found a large runed translucent door.
 12716 | Gauntlet | Found a large runed translucent door.
 12716 | Gauntlet | Found a large runed translucent door.
 12716 | Gauntlet | Found a large runed translucent door.
 12716 | Gauntlet | Found a large runed translucent door.
 12719 | Gauntlet | Found a runed translucent gate.
 12719 | Gauntlet | Found a runed translucent gate.
 12719 | Gauntlet | Found a runed translucent gate.
 12721 | Gauntlet | Found a transporter.
 12734 | Gauntlet | Found a transporter.
 12760 | Gauntlet | Noticed a death drake
 12829 | Gauntlet | Found the +2 cloak of the Thief {*Fog Slay-2 SInv Stlth+}
 12840 | Gauntlet | Found a transporter.
 12859 | Gauntlet | Found a transporter.
 12867 | Gauntlet | Found a transporter.
 12870 | Gauntlet | Noticed a quicksilver ooze
 12884 | Gauntlet | Found a transporter.
 12968 | Gauntlet | Killed a necromancer
 12971 | Gauntlet | Reached skill level 7 in Stealth
 12983 | Gauntlet | Reached skill level 1 in Hexes
 12997 | Gauntlet | Got the Tome of Absolutism
 13034 | Gauntlet | Reached **** piety under Dithmenos
 13065 | Gauntlet | Reached skill level 10 in Short Blades
 13065 | Gauntlet | Reached skill level 1 in Conjurations
 13065 | Gauntlet | Reached skill level 1 in Translocations
 13065 | Gauntlet | Reached XP level 12. HP: 92/92 MP: 18/20
 13072 | Gauntlet | Found a transporter.
 13090 | Gauntlet | Found a transporter.
 13203 | Gauntlet | Identified the ring "Bohok" {Will+ rCorr}
 13215 | Gauntlet | Noticed a minotaur
 13231 | Gauntlet | Killed a minotaur
 13232 | Gauntlet | Reached skill level 8 in Stealth
 13265 | Gauntlet | Identified the ring "Qicreso" {Fly rC+ rN+ rCorr Int+2}
 13265 | Gauntlet | Identified the +8 glaive "Moduptiu" {flame, rElec Int+3}
 13474 | D:12     | Noticed a two-headed ogre
 13481 | D:12     | Killed a two-headed ogre
 13606 | D:12     | Noticed Maurice
 13610 | D:12     | Killed Maurice
 13637 | D:12     | Noticed Jorgrun
 13642 | D:12     | Killed Jorgrun
 13643 | D:12     | Gained mutation: You are mostly covered in razor-sharp
                  | scales. (AC +2, Slay +2) [demonic ancestry]
 13643 | D:12     | Reached XP level 13. HP: 98/98 MP: 22/22
 13967 | D:13     | Reached skill level 9 in Stealth
 13967 | D:13     | Reached skill level 1 in Evocations
 14277 | D:13     | Found a gate to the Vaults.
 14666 | D:13     | You are sucked into a shaft and drop 2 floors!
 14666 | D:15     | Entered Level 15 of the Dungeon
 14712 | D:15     | Noticed Rupert
 14723 | D:15     | Gained mutation: You are robust. (+10% HP) [potion of
                  | mutation]
 14723 | D:15     | Gained mutation: You are agile. (Dex +2) [potion of
                  | mutation]
 14723 | D:15     | Gained mutation: You have a beak for a mouth. [potion of
                  | mutation]
 14723 | D:15     | Gained mutation: Your muscles are strong. (Str +2) [potion
                  | of mutation]
 14949 | D:13     | Reached skill level 5 in Shields
 15219 | D:14     | Reached skill level 10 in Stealth
 15447 | D:14     | Noticed a red very ugly thing
 15727 | Lair:1   | Entered Level 1 of the Lair of Beasts
 15744 | Lair:1   | Noticed burmascar's ghost (journeyman DrHu)
 15746 | Lair:1   | Found a runed translucent door.
 15807 | Lair:1   | Killed burmascar's ghost
 16058 | Lair:1   | Reached ***** piety under Dithmenos
 16059 | Lair:1   | Reached skill level 5 in Hexes
 16163 | Lair:1   | Found a blossoming altar of Fedhas.
 16183 | Lair:1   | Gained mutation: Your demonic aura often causes spilled
                  | blood to erupt in flames. [demonic ancestry]
 16183 | Lair:1   | Reached XP level 14. HP: 116/116 MP: 24/24
 16460 | Lair:2   | Found a staircase to the Snake Pit.
 16592 | Lair:2   | Found the +8 whip "Snakebite" {venom, curare, rPois}
 17250 | Lair:3   | You are sucked into a shaft and drop 1 floor!
 17345 | Lair:3   | Found a staircase to the Swamp.
 17408 | Lair:3   | Found a dark tunnel.
 17413 | Volcano  | Entered a volcano
 17818 | Lair:3   | Reached skill level 11 in Stealth
 18882 | Lair:4   | Found a runed translucent gate.
 18882 | Lair:4   | Found a runed translucent gate.
 18882 | Lair:4   | Found a runed translucent gate.
 18904 | Lair:4   | Noticed Bruhh's ghost (journeyman DjCA)
 18937 | Lair:4   | Killed Bruhh's ghost
 18945 | Lair:4   | Identified the ring "Ythoppoa" {rF++ EV+4}
 19530 | Lair:5   | Reached ****** piety under Dithmenos
 20084 | Lair:5   | Reached skill level 12 in Stealth
 20347 | Lair:6   | Entered Level 6 of the Lair of Beasts
 20428 | Lair:6   | Gained mutation: Your demonic aura causes all spilled blood
                  | to erupt in flames. [demonic ancestry]
 20428 | Lair:6   | Reached XP level 15. HP: 102/125 MP: 26/26
 20587 | Lair:6   | Found a staircase to the Slime Pits.
 20588 | Lair:6   | Found a viscous altar of Jiyva.
 21318 | D:11     | Bought a book of Dreams for 384 gold pieces
 21321 | D:11     | Learned a level 2 spell: Ensorcelled Hibernation
 21573 | Orc:1    | Noticed an orc warlord
 21624 | Orc:1    | Killed an orc warlord
 22038 | Orc:2    | Entered Level 2 of the Orcish Mines
 22038 | Orc:2    | Found a bloodstained altar of Trog.
 22409 | Orc:2    | Found a staircase to the Elven Halls.
 22483 | Orc:2    | Reached skill level 1 in Ice Magic
 23034 | Orc:2    | Found a runed translucent gate.
 23035 | Orc:2    | Found a runed translucent gate.
 23036 | Orc:2    | Found a runed translucent gate.
 23036 | Orc:2    | Noticed spica's ghost (journeyman MiBe)
 23082 | Orc:2    | Killed spica's ghost
 23089 | Orc:2    | Got Sif Muna's Almanac of the Rocks and Feathers
 23316 | Orc:2    | Found Foteaw's Jewellery Boutique.
 23359 | Orc:2    | Found an ancient bone altar of Kikubaaqudgha.
 23359 | Orc:2    | Noticed Nergalle
 23385 | Orc:2    | Killed Nergalle
 23406 | Orc:2    | Found Ynoxor's Distillery.
 23414 | Orc:2    | Noticed Erolcha
 23416 | Orc:2    | Found a radiant altar of Vehumet.
 23427 | Orc:2    | Killed Erolcha
 23457 | Orc:2    | Found Guixiz's Antique Weapon Shop.
 23469 | Orc:2    | Bought a glowing dagger for 120 gold pieces
 23501 | Orc:2    | Bought a potion of might for 60 gold pieces
 23501 | Orc:2    | Bought a potion of might for 60 gold pieces
 23561 | Orc:2    | Found Raudun's Antique Armour Boutique.
 23573 | Orc:2    | Bought a pair of embroidered boots for 172 gold pieces
 23573 | Orc:2    | Bought a polished ring mail for 207 gold pieces
 23573 | Orc:2    | Identified the +1 ring mail "Honn" {rF+ Slay+4} (You bought
                  | it in a shop on level 2 of the Orcish Mines)
 23841 | Swamp:1  | Entered Level 1 of the Swamp
 24123 | Swamp:1  | Noticed a tentacled monstrosity
 24131 | Swamp:1  | Killed a tentacled monstrosity
 24247 | Swamp:1  | Reached skill level 10 in Fighting
 24537 | Swamp:2  | Reached skill level 13 in Stealth
 24542 | Swamp:2  | Reached skill level 10 in Dodging
 24547 | Swamp:2  | Slain by a swamp worm

Illustrated notes

Levels and vault maps discovered:
D:1:      ldierk_walled_garden_2, layout_loops_cross,
          hellmonk_ecumenical_altar_pennies_from_heaven, serial_shops,
          nicolae_shop_competitors_out_of_business
D:2:      layout_basic
D:3:      layout_basic, nicolae_elyvilon_temple_path
D:4:      layout_loops_ring, nicolae_dithmenos_shadow_blocks, serial_shops, shop
D:5:      lemuel_ratsnest, layout_rooms, mainiacjoe_overflow_paths,
          minmay_temple_entry_poolview, minivault_27
D:6:      layout_loops_ring, mainiacjoe_overflow_six_doors_small
D:7:      layout_loops_ring, minmay_misc_feat_square, minmay_misc_feat_ornament,
          grunt_ministairs_14
D:8:      layout_basic
D:9:      layout_loops_ring, nicolae_wu_jian_immortal_techniques
D:10:     layout_roguey, nicolae_uskayaw_en_pointe,
          mainiacjoe_overflow_brackets, nicolae_ashenzari_skybound,
          gammafunk_temple_overflow_wave, grunt_temple_overflow_open,
          orc_0_dummy, serial_shops, nicolae_shop_waterfront
D:11:     layout_roguey, lair_entry_dummy, serial_shops, nicolae_take_the_stairs
D:12:     layout_roguey, gauntlet_entry_generic, grunt_gozag_statues,
          uniq_maurice, uniq_jorgrun
D:13:     layout_cave_pools, erik_vaults_2
D:14:     layout_basic
D:15:     hangedman_depths_entry_civil_slaughter, layout_cave_pools,
          nicolae_hepliaklqana_hazy_memory, minmay_misc_feat_cross, uniq_rupert,
          uniq_azrael
Temple:   eino_wide_crystal_templ
Lair:1:   layout_concentric_octagons, hellmonk_ghost_happy_afterlife,
          hangedman_tree_tricks
Lair:2:   minmay_guarded_unrand_snakebite, layout_regular_city,
          minmay_snake_entry_spellcaster, kennysheep_rathole
Lair:3:   layout_big_grid, swamp_mist, enter_volcano_4
Lair:4:   layout_gridlike, gammafunk_ghost_icy, beast_lair_carwin_6,
          lemuel_fruit_tree
Lair:5:   layout_roguey
Lair:6:   cheibrodos_lair_end_hotspot, layout_cave_pods, slime_altar_1,
          infiniplex_staircase_pool_2
Swamp:1:  layout_basic_swamp, evilmike_swamp_ruin_wall
Swamp:2:  layout_basic_swamp, serial_swamp_ruin, evilmike_swamp_ruin_house_5,
          evilmike_swamp_ruin_rubble_2, evilmike_swamp_ruin_house_3,
          infiniplex_staircase_pool
Orc:1:    layout_caves, serial_shops, shop
Orc:2:    kennysheep_orc_mage_school, layout_caves, basic_altar,
          ebering_ghost_rock_garden, mines2_david

Skill      XL: |  1  2  3  4  5  6  7  8  9 10 11 12 13 14 15 |
---------------+----------------------------------------------+-----
Short Blades   | 3 4 5 7 8 9 10 11 | 11.7
Dodging        | 3 4 5 6 7 8 9 10 | 10.0
Armour         | 1 2 3 4 5 6 7 8 9 |  9.9
Unarmed Combat | 1 |  1.2
Stealth        | 1 2 3 4 5 7 8 10 12 13 | 13.0
Spellcasting   | 1 2 3 4 5 6 7 8 |  8.4
Fighting       | 3 4 5 6 7 8 9 10 | 10.1
Shields        | 1 3 4 5 6 |  6.2
Hexes          | 2 3 5 6 7 |  7.3
Conjurations   | 1 |  1.4
Translocations | 1 |  1.2
Evocations     | 1 |  1.9
Ice Magic      | 2 |  2.5
Throwing       | |  1.7

Action                   |  1- 3 |  4- 6 |  7- 9 | 10-12 | 13-15 || total
-------------------------+-------+-------+-------+-------+-------++-------
Melee: Rapier            |   167 |   144 |   445 |       |       ||   756
       Punch             |     2 |     2 |    14 |     2 |       ||    20
       Dagger            |       |       |    35 |   326 |  1193 ||  1554
       Peck              |       |       |       |       |   331 ||   331
 Fire: Hunting sling     |       |       |     2 |       |       ||     2
Throw: Throwing net      |       |     3 |     1 |     1 |     2 ||     7
       Dart              |       |       |     5 |     4 |     9 ||    18
 Cast: Ensorcelled Hiber |       |       |       |       |     1 ||     1
Evoke: Wand              |       |       |     5 |       |     7 ||    12
       Lightning rod     |       |       |       |       |     6 ||     6
  Use: Scroll            |       |     6 |     9 |     4 |    10 ||    29
       Potion            |       |       |    10 |     1 |     7 ||    18
 Stab: Sleeping          |       |     7 |    11 |    16 |    56 ||    90
       Held in net/web   |       |     2 |       |     1 |       ||     3
       Distracted        |       |       |     2 |     2 |     6 ||    10
       Invisible         |       |       |     1 |       |       ||     1
Armor: Leather armour    |    78 |    30 |     7 |       |       ||   115
       Ring mail         |       |       |    99 |    68 |   145 ||   312
Dodge: Dodged            |   130 |    91 |   324 |   153 |   407 ||  1105
       Repelled          |       |       |       |       |     1 ||     1
Block: Buckler           |       |       |       |    52 |   292 ||   344
       Reflection        |       |       |       |       |     6 ||     6
